 Dungeon Crawl Stone Soup version 0.20.1-1-g8b1a95d (webtiles) character file.

72 Energizer the Skirmisher (level 4, -1/40 HPs)
             Began as a Ghoul Chaos Knight on July 19, 2017.
             Slain by a jackal (2 damage)
             ... on level 2 of the Dungeon.
             The game lasted 00:03:06 (647 turns).

Energizer the Skirmisher (Ghoul Chaos Knight)        Turns: 647, Time: 00:03:06

Health: -1/40      AC:  6    Str: 15    XL:     4   Next: 26%
Magic:  3/3        EV:  9    Int:  8    God:    Xom [......]
Gold:   142        SH:  0    Dex:  8    Spells: 3/3 levels left

rFire    . . .     SeeInvis .   a - +0 falchion (chaos)
rCold    + . .     Gourm    .   (no shield)
rNeg     + + +     Faith    .   k - +0 scale mail
rPois    ∞         Spirit   .   (no helmet)
rElec    .         Reflect  .   (no cloak)
rCorr    .         Harm     .   (no gloves)
MR       .....                  (no boots)
Stlth    ..........             (no amulet)
Regen    0.0/turn               (no ring)
MPRegen  0.1/turn               (no ring)

@: rotting
A: rotting body, claws 1, carnivore 3, cold resistance 1, negative energy
resistance 3, inhibited regeneration, torment resistance, unbreathing
a: Renounce Religion


You were on level 2 of the Dungeon.
You worshipped Xom.
You were a very special plaything of Xom.
You were not hungry.

You visited 1 branch of the dungeon, and saw 2 of its levels.

You collected 142 gold pieces.

Inventory:

Hand Weapons
 a - a +0 falchion of chaos (weapon)
Armour
 k - a +0 scale mail (worn)
Jewellery
 i - a +4 ring of protection {unknown}
Scrolls
 g - 2 scrolls of teleportation {unknown}
 h - a scroll of immolation {unknown}
 j - a scroll of enchant armour {unknown}
Potions
 b - a potion of cancellation {unknown}
 e - 2 potions of degeneration {unknown}
Comestibles
 c - a meat ration
 d - a royal jelly
 f - 9 chunks of flesh


   Skills:
 + Level 4.0 Fighting
 * Level 3.2 Long Blades
 + Level 2.2 Armour
 + Level 1.4 Dodging
 + Level 1.4 Stealth


You had 3 spell levels left.
You didn't know any spells.

Dungeon Overview and Level Annotations

Branches:
Dungeon (2/15)

Altars:
Trog


Innate Abilities, Weirdness & Mutations

Your body is rotting away.
You thrive on raw meat.
You are immune to poison.
You have sharp fingernails.
You are carnivorous and can eat meat at any time.
Your flesh is cold resistant. (rC+)
You are immune to negative energy. (rN+++)
You do not regenerate when monsters are visible.
You are immune to unholy pain and torment.
You can survive without breathing.


Message History

The hobgoblin barely misses you.
You riposte.
You hit the hobgoblin.
The hobgoblin seems to speed up.
Xom thinks this is hilarious!
The hobgoblin is almost dead.
The rat barely misses you. The hobgoblin hits you.
* * * LOW HITPOINT WARNING * * *
The rat closely misses you.
The jackal bites you but does no damage.
The hobgoblin hits you.
* * * LOW HITPOINT WARNING * * *
You emit a cloud of colourful smoke!
The hobgoblin hits you.
* * * LOW HITPOINT WARNING * * *
The jackal barely misses you.
The jackal pauses to sniff the ground.
The hobgoblin hits you but does no damage.
The hobgoblin closely misses you. The hobgoblin barely misses you.
The jackal bites you.
You die...

..)........................
...........................
.....###...................
.....# #.......#...........
.....# #.......#...........
.....# #########gr.........
.....# #...........
.#.#..##########gh.........
.#...##...##....@..........
##.....##.....)........
####.......#..............
#..#..._..............#...
#..#.......#..##....#.####
#..##.....##..#.........#
#...##...##...#.........#
#....#####....#.........#
.#.........#####.........#


You could see a jackal, a hobgoblin, a goblin and a rat.

Vanquished Creatures
  Terence (D:2)
  An adder (D:2)
  An ooze (D:1)
  A worm (D:2)
  A dart slug (D:1)
  5 bats (D:1)
  2 giant cockroaches
  5 goblins
  4 hobgoblins
  2 frilled lizards (D:2)
  3 kobolds (D:1)
  4 rats
30 creatures vanquished.

Vanquished Creatures (collateral kills)
  A goblin (D:1)
  A kobold (D:1)
2 creatures vanquished.

Grand Total: 32 creatures vanquished

Notes
Turn   | Place    | Note
-------+----------+-------------------------------------------
     0 | D:1      | Energizer the Ghoul Chaos Knight began the quest for the Orb.
     0 | D:1      | Reached XP level 1. HP: 19/19 MP: 0/0
    41 | D:1      | Reached skill level 1 in Dodging
    76 | D:1      | Reached XP level 2. HP: 26/26 MP: 1/1
   210 | D:1      | Reached skill level 1 in Stealth
   267 | D:1      | Reached XP level 3. HP: 15/31 MP: 2/2
   498 | D:2      | Found a bloodstained altar of Trog.
   507 | D:2      | XOM: potion effect (haste)
   545 | D:2      | Noticed Terence
   571 | D:2      | Killed Terence
   571 | D:2      | Reached skill level 4 in Fighting
   571 | D:2      | Reached XP level 4. HP: 30/40 MP: 3/3
   639 | D:2      | XOM: smoke on damage
   640 | D:2      | HP: 1/40 [hobgoblin (2)]
   647 | D:2      | Slain by a jackal

Skill      XL: |  1  2  3 |
---------------+----------+-----
Dodging        | 1 |  1.4
Armour         | 2 |  2.2
Stealth        | 1 |  1.4
Long Blades    | 3 |  3.2
Fighting       | 4 |  4.0

Action                   |  1- 3 |  4- 6 || total
-------------------------+-------+-------++-------
Melee: Falchion          |    77 |     9 ||    86
Armor: Leather armour    |    24 |       ||    24
       Scale mail        |     7 |    16 ||    23
Dodge: Dodged            |    63 |    18 ||    81
       Rpst.: Falchion   |    20 |     8 ||    28
